Map: Prion Terraces

Players

Zenzou

  • Race: Protoss Protoss
  • League: Platinum

LilDicky - Winner!

  • Race: Terran Terran
  • League: Platinum

VOD

http://www.twitch.tv/tumescentpie

Description

Time

  • Played on: Nov. 21, 2015, 1:02 a.m.
  • Length: 5:29
Show
View Real Time Build Order
Export as new Build Order

Zenzou Protoss 

Build Orders: 1 Gate Expand 

Get SALT Encoding   

  12  0:00  Probe (Chrono Boost)  
  13  0:11  Probe (Chrono Boost)  
  14  0:17  Pylon  
  14  0:22  Probe (Chrono Boost)  
  16  0:35  Probe (Chrono Boost)  
  16  0:41  Gateway  
  16  0:43  Assimilator  
  16  0:46  Probe (Chrono Boost)  
  17  0:56  Probe (Chrono Boost)  
  18  1:07  Probe (Chrono Boost)  
  19  1:18  Probe (Chrono Boost)  
  20  1:25  Nexus  
  20  1:34  Cybernetics Core  
  20  1:38  Probe (Chrono Boost)  
  21  1:48  Probe (Chrono Boost)  
  21  1:53  Pylon  
  22  1:54  Assimilator  
  22  1:59  Probe (Chrono Boost)  
  23  2:12  Warp Gate (Chrono Boost)  
  23  2:13  Mothership Core (Chrono Boost)  
  25  2:19  Stalker (Chrono Boost)  
  27  2:34  Pylon  
  27  2:37  Probe  
  27  2:38  Probe  
  29  2:46  Stalker (Chrono Boost)  
  29  2:50  Probe  
  32  2:54  Probe, Pylon  
  33  3:02  Probe, Gateway  
  33  3:05  Probe  
  34  3:12  Stalker (Chrono Boost)  
  37  3:14  Probe  
  38  3:20  Probe  
  38  3:26  Probe  
  40  3:40  Forge  
  40  3:50  Probe  
  41  4:03  Probe  
  42  4:12  Pylon  
  42  4:18  Assimilator x2  
  42  4:19  Photon Cannon  
  41  4:40  Pylon  
  41  4:50  Pylon  
  41  5:01  Pylon  
  41  5:03  Probe x2  
  41  5:06  Gateway  
  42  5:07  Gateway  
  42  5:08  Photon Cannon  
  42  5:12  Stalker  
Show
View Real Time Build Order
Export as new Build Order

LilDicky Terran - Winner!

Build Orders: MMM Bio 

Get SALT Encoding   

  12  0:01  SCV  
  13  0:13  SCV  
  14  0:25  SCV  
  15  0:30  Supply Depot  
  15  0:32  Refinery  
  15  0:51  SCV  
  15  0:55  Barracks  
  16  1:03  SCV  
  17  1:15  SCV  
  18  1:21  Supply Depot  
  18  1:27  SCV  
  20  1:40  SCV  
  20  1:46  Marine  
  21  1:54  Factory, Orbital Command  
  21  1:58  Barracks  
  21  2:07  Barracks  
  21  2:10  Barracks Reactor  
  21  2:21  SCV  
  21  2:22  Refinery  
  22  2:28  Supply Depot  
  22  2:34  SCV  
  23  2:46  SCV  
  24  2:54  Barracks Tech Lab x2  
  24  2:55  Supply Depot, Marine  
  24  2:56  Marine  
  24  2:58  SCV  
  27  3:01  Widow Mine  
  29  3:16  Marine  
  29  3:17  Stimpack, Marine  
  29  3:18  Combat Shields  
  31  3:20  Marine  
  31  3:29  Widow Mine  
  31  3:30  Marine  
  33  3:34  Marine  
  34  3:46  Marauder, Marine  
  34  3:47  SCV  
  40  3:48  Marauder  
  40  3:54  Supply Depot  
  38  4:08  Marauder  
  38  4:09  Marine  
  43  4:10  SCV  
  43  4:11  Marine  
  43  4:19  Marine  
  44  4:27  Marine  
  44  4:30  Marauder  
  47  4:36  Marine  
  47  4:37  Marauder  
  50  4:43  Starport  
  50  4:45  Marine  
  51  4:54  Marine, Marauder  
  51  4:57  SCV  
  55  5:03  Supply Depot, Marauder, Marine  
Tags
 
Add a new tag
Caveats
  • Supply blocks, unpowered buildings, or Contaminate may cause inaccurate times.
  • Supply counts are checked every 10 seconds.